 Dungeon Crawl Stone Soup version 0.27-a0-1302-g7736ffe575 (webtiles) character file.

Game seed: 17076596899318143367

303 Froggeryz the Chopper (level 6, 0/50 HPs)
             Began as a Palentonga Abyssal Knight on June 18, 2021.
             Was a Believer of Lugonu.
             Slain by a wight (14 damage)
             ... on level 4 of the Dungeon.
             The game lasted 00:03:40 (3063 turns).

Froggeryz the Chopper (Palentonga Abyssal Knight)   Turns: 3063, Time: 00:03:41

Health: 0/50       AC:  6    Str: 17 (18) XL:     6   Next: 15%
Magic:  7/7        EV: 12    Int:  9 (12) God:    Lugonu [**....]
Gold:   226        SH:  0    Dex:  8 (9)  Spells: 5/5 levels left

rFire    . . .     SeeInvis +   a - +1 hand axe
rCold    . . .     Faith    .   (no shield)
rNeg     + . .     Spirit   .   g - +0 ring mail
rPois    .         Reflect  .   (no helmet)
rElec    .         Harm     .   (no cloak)
rCorr    .         Rampage  .   (no gloves)
Will     .....                  (no barding)
Stlth    ..........             (no amulet)
HPRegen  0.16/turn              f - +4 ring of evasion
MPRegen  0.10/turn              d - ring of positive energy

@: flying, hasted (expiring), very quick
A: large, rugged brown scales 3, see invisible, deformed body, roll 1, armoured
tail
a: Rolling Charge, Renounce Religion, Depart the Abyss, Bend Space


You were on level 4 of the Dungeon.
You worshipped Lugonu.
Lugonu was pleased with you.
You visited 1 branch of the dungeon, and saw 4 of its levels.
You visited the Abyss 1 time.

You collected 226 gold pieces.

Inventory:

Hand Weapons
 a - a +1 hand axe (weapon)
Missiles
 l - 2 boomerangs (quivered)
Armour
 g - a +0 ring mail (worn)
Jewellery
 d - a ring of positive energy (right hand)
 f - a +4 ring of evasion (left hand)
 m - a ring of willpower
Scrolls
 c - a scroll of fear {unknown}
 h - 2 scrolls of enchant armour {unknown}
 i - 2 scrolls of teleportation {unknown}
 j - a scroll of blinking {unknown}
 k - 3 scrolls of identify {unknown}
 n - a scroll of holy word {unknown}
 p - a scroll of magic mapping {unknown}
 s - a scroll of brand weapon {unknown}
Potions
 e - a potion of lignification
 r - a potion of flight


   Skills:
 - Level 3.0 Fighting
 * Level 5.4 Axes
 + Level 1.8 Throwing
 - Level 2.3 Armour
 - Level 0.7 Dodging
 - Level 2.0 Invocations


You had 5 spell levels left.
You didn't know any spells.
Your spell library contained the following spells:

 Spells                   Type           Power      Damage    Failure   Level
 Corona                   Hex            0%         N/A       58%         1
 Ensorcelled Hibernation  Hex/Ice        0%         N/A       73%         2
 Confusing Touch          Hex            0%         N/A       91%         3
 Dazzling Flash           Conj/Hex       0%         N/A       91%         3
 Tukima's Dance           Hex            0%         N/A       91%         3


Dungeon Overview and Level Annotations

Branches:
Dungeon (4/15)
 Temple: D:4-7

Altars:
Yredelemnul

Annotations:
D:4 Blork the orc


Innate Abilities, Weirdness & Mutations

You are completely covered in rugged brown scales. (AC +3, +7% HP)
You have supernaturally acute eyesight. (SInv)
Armour fits poorly on your strangely shaped body.
You can roll at nearby foes to attack.
You have a long armoured tail.


Message History

The iguana barely misses you.
You hit the iguana.
The iguana is almost dead.
You hit the iguana.
You kill the iguana!
Lugonu accepts your kill.
Found an escape hatch in the floor.
There is an escape hatch in the floor here.
Unknown command.
Found a hand axe.
A wight comes into view. It is wielding a +0 halberd.
You hear the rapid hiss of a distant avalanche of sand.
The wight barely misses you.
You see here a +0 hand axe.
There is a stone staircase leading up here.
A hound skeleton comes into view.
The hound skeleton moves out of view.
The hound skeleton misses you.
Your ring mail prevents you from hitting the hound skeleton.
Your extra speed is starting to run out.
The hound skeleton barely misses you.
You slash the hound skeleton!
The hound skeleton is moderately damaged.
The hound skeleton bites you but does no damage.
You hit the hound skeleton.
The hound skeleton is heavily damaged.
The hound skeleton bites you but does no damage.
Your ring mail prevents you from hitting the hound skeleton.
The hound skeleton is heavily damaged.
The hound skeleton barely misses you.
You hit the hound skeleton.
The hound skeleton is severely damaged.
The hound skeleton misses you.
You barely miss the hound skeleton.
The hound skeleton is severely damaged.
You hit the hound skeleton.
The hound skeleton is severely damaged.
The hound skeleton bites you but does no damage.
The wight hits you from afar with a +0 halberd!
You die...

####.##.#..##.. ... ##
#.#.)....... .... #..
#............... #$.##
###...#.####...
.....### ##.##.......
....... ##.## ##.#.#
### .......
######...####.#.###..
..##..
##..........z.....##.#
#.##..
##...###...####@....#.#
#.##..
#.....###<##..Z.......#
#.....
#.....)z..##.##.......#
#.##.# #.....######
##...#..#####.##.#
#....##
##.#.......รท.##.#
#.#.## #.#.......).....
#.#.#
#####...#.###.##.#
#.#.# ...###....#
#.##.# #.#..
.....##.### #.##.#


You could see a wight and a hound skeleton.

Vanquished Creatures
  A centaur skeleton (D:4)
  An orc priest (D:4)
  An iguana (D:4)
  2 orc wizards (D:4)
  A hound skeleton (D:4)
  A howler monkey skeleton (D:4)
  7 adders
  A dart slug (D:1)
  6 orcs
  4 ball pythons (D:1)
  4 bats
  12 endoplasms
  3 giant cockroaches
  3 goblins
  4 hobgoblins
  10 jackals
  2 quokkas (D:1)
  4 frilled lizards (D:1)
  3 kobolds
  8 rats
78 creatures vanquished.

Notes
Turn   | Place    | Note
-------+----------+-------------------------------------------
     0 | Abyss:1  | Froggeryz the Palentonga Abyssal Knight began the quest for
                  | the Orb.
     0 | Abyss:1  | Reached XP level 1. HP: 19/19 MP: 2/2
    60 | Abyss:1  | Noticed a small abomination
    61 | D:1      | Escaped the Abyss
    96 | D:1      | Reached * piety under Lugonu
   304 | D:1      | Reached XP level 2. HP: 25/25 MP: 3/3
   500 | D:1      | Found a faded altar of an unknown god.
   681 | D:1      | Reached skill level 3 in Axes
   781 | D:1      | Reached XP level 3. HP: 29/31 MP: 4/4
  1584 | D:2      | Found a basalt altar of Yredelemnul.
  1874 | D:3      | Reached XP level 4. HP: 37/37 MP: 5/5
  2007 | D:3      | Reached skill level 4 in Axes
  2149 | D:3      | Reached ** piety under Lugonu
  2735 | D:4      | Noticed Blork the orc
  2791 | D:4      | Reached XP level 5. HP: 33/43 MP: 6/6
  2870 | D:4      | Reached skill level 1 in Throwing
  2903 | D:4      | Reached skill level 5 in Axes
  3001 | D:4      | Reached XP level 6. HP: 21/50 MP: 7/7
  3063 | D:4      | Slain by a wight

Illustrated notes

Levels and vault maps discovered:
D:1:      psy_arrival_heroes, layout_loops_ring,
          hellmonk_ecumenical_altar_pennies_from_heaven
D:2:      layout_basic, basic_altar
D:3:      minmay_diamond_boxcup, layout_basic, kennysheep_generic_room_16
D:4:      layout_loops_ring, tgw_sif, nicolae_ossuary_entry_monument,
          hex_medium, corexii_corridor_pit, uniq_natasha

Skill      XL: |  1  2  3  4  5 |
---------------+----------------+-----
Armour         | 2 |  2.3
Axes           | 3 4 5 |  5.4
Throwing       | 1 |  1.8
Fighting       | |  3.0
Dodging        | |  0.7
Invocations    | |  2.0

Action                   |  1- 3 |  4- 6 || total
-------------------------+-------+-------++-------
Melee: Hand axe          |   119 |   140 ||   259
       Tailslap          |     9 |    12 ||    21
Throw: Boomerang         |       |     1 ||     1
Invok: Depart the Abyss  |     1 |       ||     1
 Abil: Rolling Charge    |       |     1 ||     1
  Use: Potion            |       |     5 ||     5
Armor: Ring mail         |    30 |    33 ||    63
       Leather armour    |     3 |       ||     3
       Skin              |       |    20 ||    20
Dodge: Dodged            |    76 |    72 ||   148

Table legend: (Time is in decaauts)
 A = Elapsed time spent in this place.
 B = Non-inter-level travel time spent in this place.
 C = Inter-level travel time spent in this place.
 D = Time resting spent in this place.
 E = Time spent auto-exploring this place.
 F = Levels seen in this place.
 G = Mean time per level.
                   A        B        C        D        E       F      G
               +--------+--------+--------+--------+--------+-----+--------+
         Total |   3076 |   2898 |    178 |     38 |   2179 |   5 |  615.2 |
       Dungeon |   3015 |   2837 |    178 |     38 |   2121 |   4 |  753.8 |
         Abyss |     61 |     61 |      0 |      0 |     58 |   1 |   61.0 |
               +--------+--------+--------+--------+--------+-----+--------+

Top non-repeatable levels by time:
     D:1: 1217 daAuts
     D:4: 620 daAuts
     D:3: 608 daAuts
     D:2: 568 daAuts
 Abyss:1: 61 daAuts
